AoeStats
← HyenHks

Lombardia

509359581Analyzed
4v4 RM · 7d ago on Sep 26, 2026· 47m 39s· 8 players
Game mode
Random Map
Map size
Large (8 player)
Population
200
Speed
Normal
Resources
Standard
Victory
Conquest
Starting age
Dark Age
Ending age
Imperial Age
RankedLock teamsTeams togetherTeam positionsShared explorationLock speedFull tech treeHidden civsTurbo modeCheats
Victory
Defeat
🇫🇷 Franks · France
1214
+15
🇷🇺 Teutons · Russia
1207
+16
🇮🇱 Romans · Israel
1203
+16
🇳🇴 Persians · Norway
1192
+16
🇨🇳 Magyars · China
1266
-19
🇬🇧 Mongols · United Kingdom
1211
-16
🇨🇳 Bulgarians · China
1189
-15
🇨🇳 Hindustanis · China
1123
-13
HyenHks
10:59 Feudal Age
11:28 Double-Bit Axe
11:31 Horse Collar
16:50 Castle Age
17:49 Bow Saw
17:37 Loom
18:26 Heavy Plow
25:13 Wheelbarrow
24:26 Town Watch
31:00 Imperial Age
28:34 Gold Mining
28:35 Stone Mining
29:23 Bloodlines
29:14 Husbandry
29:25 Scale Barding Armor
29:31 Forging
30:32 Gold Shaft Mining
30:44 Hand Cart
31:17 Chain Barding Armor
31:33 Iron Casting
30:48 Cavalier
32:57 Conscription
32:21 Elite War Elephant
32:29 Savar
34:57 Plate Barding Armor
35:26 Blast Furnace
35:45 Fletching
39:11 Caravan
46:58 Guilds
APEP
9:57 Loom
12:13 Feudal Age
16:16 Castle Age
14:17 Double-Bit Axe
16:01 Gold Mining
16:04 Stone Mining
22:47 Husbandry
26:07 Wheelbarrow
27:35 Hand Cart
31:41 Imperial Age
29:41 Forging
31:33 Iron Casting
31:03 Scale Barding Armor
31:41 Cavalier
33:23 Blast Furnace
32:48 Chivalry
33:47 Chain Barding Armor
33:52 Bow Saw
34:19 Gold Shaft Mining
34:15 Paladin
36:48 Caravan
37:19 Coinage
38:06 Plate Barding Armor
39:29 Banking
sybertuk
5:38 Loom
12:46 Feudal Age
13:58 Horse Collar
19:50 Castle Age
18:09 Double-Bit Axe
18:24 Gold Mining
21:15 Bloodlines
21:12 Scale Barding Armor
27:56 Chain Barding Armor
28:42 Forging
30:58 Wheelbarrow
33:57 Imperial Age
31:26 Stone Mining
33:41 Iron Casting
33:09 Scale Mail Armor
34:12 Cavalier
35:30 Plate Barding Armor
35:57 Blast Furnace
36:36 Conscription
36:57 Bow Saw
36:48 Heavy Plow
36:43 Town Watch
37:42 Onager
38:57 Hand Cart
40:24 Chain Mail Armor
39:37 Paladin
39:40 Pikeman
40:21 Squires
40:07 Gambesons
40:08 Arson
41:56 Plate Mail Armor
41:17 Fletching
42:04 Halberdier
46:09 Ironclad
46:26 Hoardings
46:13 Ballistics
46:05 Masonry
46:53 Capped Ram
Mike
11:07 Feudal Age
15:01 Castle Age
13:14 Double-Bit Axe
13:29 Horse Collar
15:05 Loom
16:11 Bow Saw
22:35 Wheelbarrow
22:01 Heavy Plow
23:41 Hand Cart
24:40 Gold Mining
25:23 Town Watch
25:48 Stone Mining
26:33 Gold Shaft Mining
31:17 Imperial Age
30:26 Town Patrol
30:30 Scale Mail Armor
30:41 Forging
29:52 Man-at-Arms
29:53 Pikeman
30:34 Squires
30:49 Long Swordsman
31:45 Chain Mail Armor
32:24 Ballistics
33:04 Chemistry
32:10 Siege Engineers
31:36 Legionary
32:53 Iron Casting
32:20 Heavy Scorpion
32:51 Halberdier
41:16 Blast Furnace
46:33 Comitatenses
46:20 Ballistas
xiexieBB
0:41 Loom
11:42 Feudal Age
13:23 Wheelbarrow
13:43 Double-Bit Axe
16:19 Castle Age
17:36 Bow Saw
17:12 Horse Collar
19:22 Heavy Plow
22:44 Gold Mining
23:14 Stone Mining
23:28 Scale Mail Armor
25:10 Gold Shaft Mining
25:14 Scale Barding Armor
25:57 Coinage
28:09 Stone Shaft Mining
27:58 Chain Mail Armor
27:54 Forging
28:05 Chain Barding Armor
28:07 Husbandry
28:18 Bloodlines
27:33 Light Cavalry
30:36 Iron Casting
31:43 Hand Cart
31:16 Town Watch
32:50 Caravan
34:01 Grand Trunk Road
38:04 Imperial Age
38:02 Thumb Ring
38:04 Murder Holes
38:22 Masonry
39:49 Blast Furnace
39:25 Plate Barding Armor
39:55 Banking
39:07 Heavy Camel Rider
39:08 Hussar
41:20 Chemistry
40:53 Conscription
41:24 Imperial Camel Rider
44:49 Two-Man Saw
44:50 Town Patrol
kqq
7:02 Loom
9:44 Feudal Age
10:15 Double-Bit Axe
10:11 Horse Collar
17:04 Wheelbarrow
20:17 Castle Age
18:22 Stone Mining
18:49 Gold Mining
22:09 Bow Saw
22:01 Heavy Plow
24:06 Fletching
28:04 Bodkin Arrow
31:24 Padded Archer Armor
32:14 Ballistics
32:12 Leather Archer Armor
32:10 Bloodlines
32:01 Husbandry
36:25 Imperial Age
36:41 Scale Mail Armor
36:51 Forging
36:12 Pikeman
36:52 Squires
37:36 Bracer
38:39 Chemistry
38:16 Chain Mail Armor
38:36 Iron Casting
38:51 Caravan
39:55 Plate Mail Armor
40:25 Blast Furnace
39:58 Fortified Wall
40:36 Scale Barding Armor
44:48 Elite Mangudai
45:49 Conscription
45:20 Light Cavalry
46:21 Chain Barding Armor
嘿,延边!
9:43 Feudal Age
9:03 Loom
11:18 Double-Bit Axe
11:15 Horse Collar
19:20 Castle Age
19:37 Scale Barding Armor
20:17 Bloodlines
20:08 Husbandry
20:37 Gold Mining
24:21 Bow Saw
26:01 Wheelbarrow
25:12 Town Watch
27:59 Stone Mining
28:45 Gold Shaft Mining
30:04 Hand Cart
30:25 Gold Shaft Mining
34:05 Imperial Age
32:37 Fletching
32:47 Padded Archer Armor
33:18 Ballistics
33:21 Caravan
33:50 Bodkin Arrow
34:11 Leather Archer Armor
34:33 Thumb Ring
34:53 Recurve Bow
34:16 Heavy Cavalry Archer
35:21 Parthian Tactics
36:29 Chemistry
35:42 Masonry
35:55 Bracer
37:11 Conscription
39:15 Two-Man Saw
38:28 Cavalier
38:33 Pikeman
38:58 Arson
39:37 Chain Barding Armor
39:48 Ring Archer Armor
39:40 Chain Barding Armor
39:48 Paladin
44:39 Plate Barding Armor
Gaody
7:46 Loom
12:23 Feudal Age
18:45 Castle Age
17:36 Double-Bit Axe
18:47 Stone Mining
23:48 Horse Collar
27:19 Bow Saw
27:46 Heavy Plow
29:26 Wheelbarrow
28:37 Town Watch
33:00 Imperial Age
30:39 Gambesons
30:55 Squires
30:57 Scale Mail Armor
31:43 Hand Cart
31:51 Chain Mail Armor
31:47 Forging
31:32 Pikeman
31:58 Arson
32:39 Ballistics
32:51 Caravan
33:44 Iron Casting
33:14 Gold Mining
33:32 Town Patrol
34:45 Chemistry
33:20 Capped Ram
34:35 Plate Mail Armor
35:06 Blast Furnace
34:31 Conscription
34:19 Siege Ram
35:35 Fletching
35:50 Scale Barding Armor
35:50 Bagains
37:15 Halberdier
39:43 Coinage
41:33 Banking
41:49 Heavy Scorpion
43:48 Gold Shaft Mining
43:35 Chain Barding Armor
43:11 Bodkin Arrow
43:16 Padded Archer Armor
46:16 Husbandry
46:28 Bloodlines
45:39 Light Cavalry
Connection lost

Rejoining the realm…

Still unreachable

The connection could not be restored.

Session expired

The server has moved on; the page needs a fresh start.